 Dungeon Crawl Stone Soup version 0.26.0-45-g9c1d065592 (webtiles) character file.

Game seed: 17985394176670502131

(classic levelgen) 109 thiole the Sneak (level 4, 0/27 HPs)
             Began as an Octopode Hedge Wizard on Jan 29, 2021.
             Slain by an adder (2 damage)
             ... on level 3 of the Dungeon.
             The game lasted 00:04:27 (2754 turns).

thiole the Sneak (Octopode Hedge Wizard)            Turns: 2754, Time: 00:04:27

Health: 0/27       AC:  1    Str:  9    XL:     4   Next: 90%
Magic:  1/8        EV: 13    Int: 17    God:
Gold:   180        SH:  0    Dex: 11    Spells: 1/9 levels left

rFire    + . .     SeeInvis .   a - +0 dagger
rCold    + . .     Faith    .   (no shield)
rNeg     . . .     Spirit   .   b - +0 hat
rPois    .         Reflect  .   (no amulet)
rElec    .         Harm     .   e - ring of protection from cold
rCorr    +         Rampage  .   h - ring of resist corrosion
Will     .....                  l - ring of fire
Stlth    ++++......             g - ring of protection from cold
HPRegen  0.09/turn              (no ring)
MPRegen  0.11/turn              (no ring)
                                (no ring)
                                (no ring)

@: lethally poisoned (0 -> -6), attractive
A: almost no armour, stealthy swim, amphibious, 8 rings, constrict 8, camouflage
1, mutation resistance 1, wild magic 1, gelatinous body 1
a: no special abilities


You were on level 3 of the Dungeon.
You visited 1 branch of the dungeon, and saw 3 of its levels.

You collected 180 gold pieces.

Inventory:

Hand Weapons
 a - a +0 dagger (weapon)
Armour
 b - a +0 hat (worn)
Jewellery
 e - a ring of protection from cold (left tentacle)
 g - a ring of protection from cold (on tentacle)
 h - a ring of resist corrosion (right tentacle)
 l - a ring of fire (on tentacle)
Wands
 q - a wand of paralysis (1)
Scrolls
 c - 4 scrolls of teleportation
 d - a scroll of remove curse
 f - 2 scrolls of magic mapping {unknown}
 i - a scroll of fear {unknown}
 m - a scroll of fog {unknown}
 p - a scroll of identify {unknown}
Potions
 j - a potion of cancellation


   Skills:
 - Level 2.0 Dodging
 + Level 4.9 Stealth
 - Level 3.0 Spellcasting
 - Level 3.0 Conjurations
 - Level 2.0 Summonings
 - Level 1.0 Translocations


You had one spell level left.
You knew the following spells:

 Your Spells              Type           Power        Failure   Level
a - Magic Dart            Conj           64%          8%          1
b - Call Imp              Summ           12%          17%         2
c - Blink                 Tloc           N/A          24%         2
d - Mephitic Cloud        Conj/Pois/Air  7%           43%         3

Your spell library contained the following spells:

 Spells                   Type           Power        Failure   Level
 Slow                     Hex            3%           34%         2
 Conjure Flame            Conj/Fire      14%          36%         3


Dungeon Overview and Level Annotations

Branches:
Dungeon (3/15)

Altars:
Cheibriados
Xom


Innate Abilities, Weirdness & Mutations

You cannot wear most types of armour.
You are very stealthy in the water. (Stealth+)
You are amphibious.
You can wear up to eight rings at the same time.
You can use your tentacles to constrict eight enemies at once.
Your skin changes colour to match your surroundings (Stealth+).
Your rubbery body absorbs attacks. (AC +1, EV +1)
You are somewhat resistant to further mutation.
Your spells are a little harder to cast, but a little more powerful.


Message History

You miss the adder. Your grab misses the adder.
The adder is almost dead.
* * * LOW HITPOINT WARNING * * *
You feel sick. The adder bites you but does no damage.
The adder closely misses you.
You miss the adder. Your grab misses the adder.
The adder is almost dead.
* * * LOW HITPOINT WARNING * * *
You feel sick. The adder barely misses you.
It was a potion of cancellation.
You feel magically purged.
* * * LOW HITPOINT WARNING * * *
You feel sick. The adder closely misses you.
It was a potion of attraction.
You feel attractive to monsters. The adder closely misses you.
It was a potion of mutation.
You feel extremely strange.
You feel less in control of your magic.
You feel genetically stable.
* * * LOW HITPOINT WARNING * * *
You feel sick. The adder bites you.
You die...

.... #.#.# .#.
#..###)#.#
#..####.......#
#............#
##............# ...
.............#
....#.#.........(.#
..#...#...........#
......#.......@...#
...........†.S....#
.................#
####..............#
................(.#
.......).......####
...†#.......).##
..........)...#
.............>###


You could see an adder.

Vanquished Creatures
  4 adders
  An ufetubus (D:2)
  A worm (D:2)
  A dart slug (D:1)
  A leopard gecko (D:2)
  4 orcs (D:3)
  7 goblins
  2 hobgoblins
  8 jackals
  4 quokkas
  4 bats
  14 frilled lizards
  3 kobolds
  8 rats
62 creatures vanquished.

Vanquished Creatures (others)
  4 plants (D:2)
4 creatures vanquished.

Grand Total: 66 creatures vanquished

Notes
Turn   | Place    | Note
-------+----------+-------------------------------------------
     0 | D:1      | thiole the Octopode Hedge Wizard began the quest for the
                  | Orb.
     0 | D:1      | Reached XP level 1. HP: 11/11 MP: 4/4
   304 | D:1      | Reached XP level 2. HP: 9/17 MP: 1/6
  1109 | D:1      | Found a glowing silver altar of Zin.
  1111 | D:1      | Found an iron altar of Okawaru.
  1111 | D:1      | Found a bloodstained altar of Trog.
  1114 | D:1      | Found a bloodstained altar of Trog.
  1114 | D:1      | Found a blossoming altar of Fedhas.
  1114 | D:1      | Found a shimmering altar of Xom.
  1327 | D:2      | Reached XP level 3. HP: 21/21 MP: 1/7
  1483 | D:2      | Found a snail-covered altar of Cheibriados.
  1795 | D:2      | Reached skill level 3 in Stealth
  1795 | D:2      | Reached XP level 4. HP: 27/27 MP: 3/8
  2382 | D:3      | Reached skill level 4 in Stealth
  2482 | D:3      | Learned a level 2 spell: Call Imp
  2485 | D:3      | Learned a level 2 spell: Blink
  2489 | D:3      | Learned a level 3 spell: Mephitic Cloud
  2754 | D:3      | Gained mutation: Your spells are a little harder to cast,
                  | but a little more powerful. [potion of mutation]
  2754 | D:3      | Gained mutation: You are somewhat resistant to further
                  | mutation. [potion of mutation]
  2754 | D:3      | Slain by an adder

Illustrated notes

Levels and vault maps discovered:
D:1:      amcnicky_arrival_flooded_fountain, layout_loops_ring,
          doesnt_xom_only_xom
D:2:      layout_basic, old_standard_altar, nrook_mini_backslash,
          minmay_lizard_king
D:3:      layout_rooms, chequers_ecumenical_altar_island

Skill      XL: |  1  2  3  4 |
---------------+-------------+-----
Conjurations   | 2 3 |  3.0
Summonings     | 2 |  2.0
Stealth        | 3 4 |  4.9
Dodging        | |  2.0
Spellcasting   | |  3.0
Translocations | |  1.0

Action                   |  1- 3 |  4- 6 || total
-------------------------+-------+-------++-------
Melee: Dagger            |    21 |    42 ||    63
       Constrict         |     6 |     4 ||    10
       Tentacles         |     4 |     2 ||     6
 Cast: Magic Dart        |    61 |    51 ||   112
  Use: Scroll            |       |     3 ||     3
       Potion            |       |     3 ||     3
Armor: Skin              |     1 |     3 ||     4
Dodge: Dodged            |    19 |    28 ||    47
